 Dungeon Crawl Stone Soup version 0.29-a0-620-g13ace881f2 (webtiles) character file.

Game seed: 14170382261846072812

11 Glokmah the Bolt Thrower (level 2, -1/16 HPs)
             Began as a Kobold Arcane Marksman on June 18, 2022.
             Slain by a kobold
             ... wielding a +0 short sword
              (4 damage)
             ... on level 1 of the Dungeon.
             The game lasted 00:01:38 (158 turns).

Glokmah the Bolt Thrower (Kobold Arcane Marksman)    Turns: 158, Time: 00:01:40

Health: -1/16      AC:  2    Str:  7    XL:     2   Next: 35%
Magic:  3/4        EV: 15    Int: 14    God:
Gold:   0          SH:  0    Dex: 15    Spells: 2/3 levels left

rFire   . . .      SeeInvis .   a - +0 hand crossbow
rCold   . . .      Faith    .   (no shield)
rNeg    . . .      Spirit   .   b - +0 robe
rPois   .          Reflect  .   (no helmet)
rElec   .          Harm     .   (no cloak)
rCorr   .          Rampage  .   (no gloves)
Will    .....                   (no boots)
Stlth   ++........              (no amulet)
HPRegen 0.05/turn               (no ring)
MPRegen 0.09/turn               (no ring)

@: no status effects
A: small, no large weapons, nightstalker 3
a: no special abilities


You were on level 1 of the Dungeon.
You visited 1 branch of the dungeon, and saw 1 of its levels.

Inventory:

Hand Weapons
 a - a +0 hand crossbow (weapon)
Missiles
 e - 17 stones
Armour
 b - a +0 robe (worn)
Scrolls
 c - a scroll of vulnerability


   Skills:
 + Level 1.4 Fighting
 * Level 3.2 Crossbows
 - Level 2.4 Dodging
 + Level 1.3 Spellcasting
 + Level 3.1 Hexes


You had 2 spell levels left.
You knew the following spells:

 Your Spells              Type           Power      Damage    Failure   Level
a - Slow                  Hex            36%        N/A       7%          1

Your spell library contained the following spells:

 Spells                   Type           Power      Damage    Failure   Level
 Inner Flame              Hex/Fire       5%         N/A       38%         3
 Portal Projectile        Hex/Tloc       10%        N/A       38%         3
 Cause Fear               Hex            4%         N/A       56%         4


Dungeon Overview and Level Annotations

Branches:
Dungeon (1/15)

Altars:


Innate Abilities, Weirdness & Mutations

You are small and have problems with some larger weapons.
You are completely attuned to the shadows.


Message History

Aim: a jackal (severely wounded, 53% to hit)
You shoot a bolt. The bolt hits the jackal.
You kill the jackal!
The jackal misses you.
Shoot: a) +0 hand crossbow
Press: ? - help, Q - select action, (/) - cycle Shift-Dir - straight line, f/p - jackal
Aim: a jackal (severely wounded, 53% to hit)
You shoot a bolt. The bolt barely misses the jackal.
The bolt hits the quokka.
The quokka is lightly wounded.
The jackal barely misses you.
Shoot: a) +0 hand crossbow
Press: ? - help, Q - select action, (/) - cycle Shift-Dir - straight line, f/p - jackal
Aim: a jackal (severely wounded, 53% to hit)
You shoot a bolt. The bolt hits the jackal.
You kill the jackal!
Unknown command.
Shoot: a) +0 hand crossbow
Press: ? - help, Q - select action, (/) - cycle Shift-Dir - straight line, f - quokka
Aim: a quokka (lightly wounded, 50% to hit)
You shoot a bolt. The bolt hits the quokka.
You kill the quokka!
Unknown command.
Shoot: a) +0 hand crossbow
Press: ? - help, Q - select action, (/) - cycle Shift-Dir - straight line, f - kobold
Aim: a kobold, wielding a +0 short sword (53% to hit)
You shoot a bolt. The bolt closely misses the kobold.
The kobold barely misses you.
Unknown command.
Shoot: a) +0 hand crossbow
Press: ? - help, Q - select action, (/) - cycle Shift-Dir - straight line, f/p - kobold
Aim: a kobold, wielding a +0 short sword (53% to hit)
You shoot a bolt. The bolt closely misses the kobold.
You feel yourself slow down. The kobold barely misses you.
Shoot: a) +0 hand crossbow
Press: ? - help, Q - select action, (/) - cycle Shift-Dir - straight line, f/p - kobold
Aim: a kobold, wielding a +0 short sword (53% to hit)
You shoot a bolt. The bolt misses the kobold.
The kobold hits you with a +0 short sword.
You die...

.$................
..⌠._.⌠............
.......#...........
.⌠.8.#...........#
.....#...........#
#...........#
#...........#
########†### #@#
#K## #..#
###..######
##....#....##
##...........##
#.....###r....#
##.....# #.....##
#.....## ##.....#


You could see a kobold.

Vanquished Creatures
  A bat (D:1)
  4 jackals (D:1)
  3 quokkas (D:1)
8 creatures vanquished.

Notes
Turn   | Place    | Note
-------+----------+-------------------------------------------
     0 | D:1      | Glokmah the Kobold Arcane Marksman began the quest for the
                  | Orb.
     0 | D:1      | Reached XP level 1. HP: 12/12 MP: 2/2
    55 | D:1      | Found a faded altar of an unknown god.
   100 | D:1      | Reached XP level 2. HP: 3/16 MP: 3/3
   158 | D:1      | Slain by a kobold

Illustrated notes

Levels and vault maps discovered:
D:1:      minmay_arrival_loop, layout_basic, serial_shops, nicolae_shop_crystal,
          hellmonk_ecumenical_altar_dog_temple, chequers_serial_rivers_marsh,
          chequers_serial_rivers_room_b

Skill      XL: |  1 |
---------------+----+-----
Crossbows      | 3 |  3.2
Fighting       | |  1.4
Dodging        | |  2.4
Spellcasting   | |  1.3
Hexes          | |  3.1

Action                   || total
-------------------------++-------
 Fire: Hand crossbow     ||    33
 Cast: Slow              ||     2
  Use: Potion            ||     1
Armor: Robe              ||     8
Dodge: Dodged            ||    58

Table legend: (Time is in decaauts)
 A = Elapsed time spent in this place.
 B = Non-inter-level travel time spent in this place.
 C = Inter-level travel time spent in this place.
 D = Time resting spent in this place.
 E = Time spent auto-exploring this place.
 F = Levels seen in this place.
 G = Mean time per level.
                   A        B        C        D        E       F      G
               +--------+--------+--------+--------+--------+-----+--------+
         Total |    150 |    150 |      0 |      0 |     35 |   1 |  150.0 |
       Dungeon |    150 |    150 |      0 |      0 |     35 |   1 |  150.0 |
               +--------+--------+--------+--------+--------+-----+--------+

Top non-repeatable levels by time:
     D:1: 150 daAuts
